 Dungeon Crawl Stone Soup version 0.29-a0-551-gffc1d7fb78 (webtiles) character file.

Game seed: 3915467278753765141

55 quokkamancerX the Shooter (level 3, -4/27 HPs)
             Began as a Demonspawn Hunter on June 5, 2022.
             Killed by divine providence
             ... invoked by an orc priest
              (10 damage)
             ... on level 3 of the Dungeon.
             The game lasted 00:04:58 (2548 turns).

quokkamancerX the Shooter (Demonspawn Hunter)       Turns: 2548, Time: 00:04:58

Health: -4/27      AC:  7    Str: 11    XL:     3   Next: 67%
Magic:  3/3        EV: 10    Int: 10    God:
Gold:   3          SH:  0    Dex: 18    Spells: 2/2 levels left

rFire   . . .      SeeInvis .   a - +1 shortbow
rCold   . . .      Faith    .   (shield currently unavailable)
rNeg    . . .      Spirit   .   d - +0 ring mail
rPois   .          Reflect  .   (no helmet)
rElec   .          Harm     .   (no cloak)
rCorr   .          Rampage  .   (no gloves)
Will    .....                   (no boots)
Stlth   ++........              (no amulet)
HPRegen 0.09/turn               (no ring)
MPRegen 0.08/turn               (no ring)

@: no status effects
A: thin metallic scales 1, powered by death 1
a: no special abilities


You were on level 3 of the Dungeon.
You visited 1 branch of the dungeon, and saw 3 of its levels.

You collected 41 gold pieces.
You spent 38 gold pieces at shops.

Inventory:

Hand Weapons
 a - a +1 shortbow (weapon)
 b - a +2 dagger of venom
Armour
 d - a +0 ring mail (worn)
Scrolls
 c - 5 scrolls of immolation
 e - a scroll of fog {unknown}
 f - a scroll of acquirement {unknown}
 h - a scroll of enchant weapon {unknown}
 i - a scroll of identify
 j - a scroll of magic mapping
 k - a scroll of silence {unknown}
Potions
 g - 2 potions of curing


   Skills:
 - Level 2.0 Fighting
 + Level 4.3 Bows
 - Level 1.7 Dodging
 + Level 2.5 Stealth


You had 2 spell levels left.
You didn't know any spells.
Your spell library was empty.

Dungeon Overview and Level Annotations

Branches:
Dungeon (3/15)

Altars:

Shops:
D:2 *


Innate Abilities, Weirdness & Mutations

You are partially covered in thin metallic scales. (AC +2)
You regenerate a little health from kills.


Message History

You shoot an arrow. The arrow hits the worm.
The worm is moderately wounded.
The worm bites you.
You shoot an arrow. The arrow hits the worm.
The worm is moderately wounded.
The worm bites you but does no damage.
You shoot an arrow. The arrow hits the worm.
The worm is heavily wounded.
The worm bites you but does no damage.
You shoot an arrow. The arrow hits the worm!
The worm is severely wounded.
The worm bites you.
You shoot an arrow. The arrow hits the worm.
You kill the worm!
No target in view!
HP restored.
k - a scroll labelled JOJEADOURR
Found a ring mail.
You see here a +0 ring mail.
An orc priest comes into view. It is wielding a +0 falchion.
The orc priest shouts!
You hear a shout! x3
An orc comes into view. It is wielding a +0 short sword.
You shoot an arrow. The orc shouts!
The arrow hits the orc priest.
The orc priest is moderately wounded.
An orc wizard comes into view. It is wielding a +0 dagger.
You shoot an arrow. The arrow hits the orc priest!
The orc priest is almost dead.
The orc priest calls down the wrath of Beogh upon you.
Beogh smites you!
An orc comes into view. It is wielding a +0 hand axe.
An orc comes into view. It is wielding a +0 club.
You are too injured to fight recklessly!
The orc priest invokes the aid of Beogh against you.
Beogh smites you!
* * * LOW HITPOINT WARNING * * *
The orc priest calls down the wrath of Beogh upon you.
Beogh smites you!
You die...

o..# ..o# .o+ .o# #+#.#
#.#.# # #.#.#
#.####.#.# #......@.#
#...##.######. ..#.#.
#.............
#.#.#.###....#.#####..
#......##....#.[...#
#......##....#####.#
#.......#....#.....#
.##......#....#.#####..
....>....#....#........


You could see an orc priest, an orc wizard and an orc.

Vanquished Creatures
  An adder (D:2)
  A worm (D:3)
  4 ball pythons
  6 bats
  2 endoplasms (D:2)
  2 giant cockroaches (D:1)
  3 goblins
  5 hobgoblins
  3 kobolds (D:1)
  3 quokkas (D:1)
  2 frilled lizards (D:1)
  9 rats
41 creatures vanquished.

Notes
Turn   | Place    | Note
-------+----------+-------------------------------------------
     0 | D:1      | quokkamancerX the Demonspawn Hunter began the quest for the
                  | Orb.
     0 | D:1      | Reached XP level 1. HP: 16/16 MP: 1/1
    66 | D:1      | Reached skill level 1 in Stealth
   397 | D:1      | Gained mutation: You are partially covered in thin metallic
                  | scales. (AC +2) [demonic ancestry]
   397 | D:1      | Reached XP level 2. HP: 21/22 MP: 2/2
   440 | D:1      | Found a faded altar of an unknown god.
   607 | D:1      | Reached skill level 4 in Bows
  1063 | D:2      | Gained mutation: You regenerate a little health from kills.
                  | [demonic ancestry]
  1063 | D:2      | Reached XP level 3. HP: 27/27 MP: 3/3
  1142 | D:2      | Found Hyebbur's General Store.
  2393 | D:2      | Bought a scroll of magic mapping for 38 gold pieces
  2548 | D:3      | Killed from afar by an orc priest

Illustrated notes

Levels and vault maps discovered:
D:1:      matt_arrival_spirals, layout_basic, hellmonk_ecumenical_altar_blasted
D:2:      layout_basic, serial_shops, shop
D:3:      layout_basic, serial_shops, nicolae_shop_advertising_works
          [nicolae_subvault_shop_adworks]

Skill      XL: |  1  2 |
---------------+-------+-----
Stealth        | 1 2 |  2.5
Bows           | 4 |  4.3
Fighting       | |  2.0
Dodging        | |  1.7

Action                   || total
-------------------------++-------
 Fire: Shortbow          ||   107
  Use: Scroll            ||     1
Armor: Ring mail         ||    23
       Leather armour    ||     1
Dodge: Dodged            ||    15

Table legend: (Time is in decaauts)
 A = Elapsed time spent in this place.
 B = Non-inter-level travel time spent in this place.
 C = Inter-level travel time spent in this place.
 D = Time resting spent in this place.
 E = Time spent auto-exploring this place.
 F = Levels seen in this place.
 G = Mean time per level.
                   A        B        C        D        E       F      G
               +--------+--------+--------+--------+--------+-----+--------+
         Total |   2595 |   2368 |    227 |     15 |   2036 |   3 |  865.0 |
       Dungeon |   2595 |   2368 |    227 |     15 |   2036 |   3 |  865.0 |
               +--------+--------+--------+--------+--------+-----+--------+

Top non-repeatable levels by time:
     D:2: 1459 daAuts
     D:1: 1052 daAuts
     D:3: 83 daAuts
